[ AOE2 MATCH · #506479609 ]
UnrankedPersians vs Gurjaras
Player's team · LOSS
Rival team · WIN
[ REPLAY ANALYSIS · EXTRACTED FROM THE RECORDED GAME ]
Feudal
9:58
Castle
21:37
Imperial
37:18
| APM avg | 66.1 |
| APM peak | 118 |
| eAPM avg | 25.6 |
| Villagers / military | 138 / 93 |
Focus
⚔️ 25.5% · 🌾 74.5%
Cavalry Archer ×53 · Knight ×13 · Camel Scout ×10 · Militia ×5 · Scout Cavalry ×4 · Monk ×3
Feudal
9:02
Castle
23:21
Imperial
39:53
| APM avg | 42.9 |
| APM peak | 93 |
| eAPM avg | 24.1 |
| Villagers / military | 203 / 120 |
Focus
⚔️ 37.8% · 🌾 62.2%
Camel Scout ×78 · Scout Cavalry ×15 · Trebuchet (Packed) ×7 · Spearman ×5 · Elephant Archer ×5 · Monk ×4
Match map
Initial resources + every placement click. Lines = walls · curves = elevation contours. ◆ gold · ⬟ stone · ● berries · ✦ relic · ◌ wall gap
Your base· ✓ Closed at 21:37 · 25t walls · 1 gate(s)
[BZBUT] BloodHound's base· ✓ Closed at 23:21 · 29t walls · 2 gate(s)
Smoothed initial terrain · ◌ = detected wall gap · hover for details
Inputs per minute
— pablo.isaza - - [BZBUT] BloodHound
Build order — pablo.isaza
First 150 of 412 actions detected
| 0:01 | Queue | Villager (Male) |
| 0:02 | Queue | Villager (Male) |
| 0:02 | Queue | Villager (Male) |
| 0:02 | Build | House |
| 0:05 | Build | House |
| 0:14 | Queue | Villager (Male) |
| 0:17 | Queue | Villager (Male) |
| 1:20 | Queue | Villager (Male) |
| 1:20 | Queue | Villager (Male) |
| 1:24 | Build | Lumber Camp |
| 2:04 | Queue | Villager (Male) |
| 2:04 | Queue | Villager (Male) |
| 2:04 | Queue | Villager (Male) |
| 2:18 | Build | Palisade Wall |
| 2:27 | Queue | Villager (Male) |
| 2:27 | Queue | Villager (Male) |
| 2:27 | Queue | Villager (Male) |
| 2:40 | Queue | Villager (Male) |
| 2:40 | Queue | Villager (Male) |
| 3:04 | Queue | Villager (Male) |
| 3:04 | Queue | Villager (Male) |
| 3:28 | Queue | Villager (Male) |
| 3:29 | Queue | Villager (Male) |
| 3:48 | Build | House |
| 4:04 | Build | Barracks |
| 4:12 | Queue | Villager (Male) |
| 4:15 | Queue | Villager (Male) |
| 4:27 | Queue | Villager (Male) |
| 4:38 | Build | House |
| 4:49 | Queue | Villager (Male) |
| 5:00 | Queue | Villager (Male) |
| 5:13 | Queue | Militia |
| 5:13 | Queue | Militia |
| 5:13 | Queue | Militia |
| 5:25 | Queue | Militia |
| 6:27 | Queue | Villager (Male) |
| 6:28 | Research | Loom |
| 7:03 | Build | Mill |
| 7:54 | Research | Feudal Age |
| 9:19 | Build | Mill |
| 9:57 | Queue | Villager (Male) |
| 9:58 | Age | Feudal Age |
| 10:00 | Build | Stable |
| 10:07 | Queue | Villager (Male) |
| 10:13 | Build | Palisade Wall |
| 10:30 | Queue | Villager (Male) |
| 10:43 | Build | House |
| 10:43 | Queue | Scout Cavalry |
| 10:43 | Queue | Scout Cavalry |
| 10:44 | Queue | Scout Cavalry |
| 10:48 | Build | Farm |
| 10:53 | Build | House |
| 11:08 | Queue | Villager (Male) |
| 11:10 | Build | Farm |
| 11:15 | Build | House |
| 11:18 | Build | House |
| 11:29 | Queue | Villager (Male) |
| 11:33 | Queue | Militia |
| 11:39 | Build | Farm |
| 11:41 | Queue | Villager (Male) |
| 11:51 | Build | Palisade Wall |
| 11:52 | Build | Palisade Wall |
| 12:06 | Queue | Villager (Male) |
| 12:19 | Queue | Villager (Male) |
| 12:22 | Build | Farm |
| 12:32 | Build | Palisade Wall |
| 12:37 | Build | House |
| 12:40 | Queue | Villager (Male) |
| 12:42 | Build | Farm |
| 12:42 | Build | Farm |
| 12:42 | Build | Farm |
| 12:42 | Queue | Villager (Male) |
| 12:45 | Build | Farm |
| 12:54 | Build | Palisade Wall |
| 12:54 | Queue | Villager (Male) |
| 13:14 | Build | House |
| 13:17 | Queue | Villager (Male) |
| 13:31 | Build | House |
| 13:55 | Queue | Villager (Male) |
| 14:12 | Build | Farm |
| 14:19 | Queue | Villager (Male) |
| 14:22 | Build | House |
| 15:01 | Queue | Villager (Male) |
| 15:09 | Build | House |
| 15:10 | Build | House |
| 15:22 | Queue | Villager (Male) |
| 15:38 | Queue | Villager (Male) |
| 15:46 | Queue | Villager (Male) |
| 15:51 | Build | Blacksmith |
| 16:00 | Queue | Villager (Male) |
| 16:03 | Build | Farm |
| 16:07 | Queue | Villager (Male) |
| 16:14 | Build | Mining Camp |
| 16:20 | Queue | Villager (Male) |
| 16:42 | Queue | Spearman |
| 16:44 | Queue | Villager (Male) |
| 16:54 | Build | House |
| 16:56 | Build | Palisade Wall |
| 16:58 | Build | Palisade Wall |
| 17:03 | Queue | Villager (Male) |
| 17:14 | Build | Palisade Gate |
| 17:18 | Build | Farm |
| 17:18 | Build | Farm |
| 17:18 | Build | Farm |
| 17:19 | Build | Farm |
| 17:36 | Build | Mining Camp |
| 17:39 | Queue | Villager (Male) |
| 17:47 | Build | House |
| 17:48 | Build | Palisade Wall |
| 17:59 | Build | Farm |
| 18:06 | Build | Mining Camp |
| 18:10 | Build | Market |
| 18:11 | Queue | Villager (Male) |
| 18:14 | Queue | Villager (Male) |
| 18:48 | Build | House |
| 19:07 | Research | Castle Age |
| 19:07 | Research | Castle Age |
| 19:37 | Research | Horse Collar |
| 19:40 | Research | Double-Bit Axe |
| 19:40 | Research | Double-Bit Axe |
| 19:57 | Build | Stable |
| 20:16 | Research | Scale Barding Armor |
| 21:01 | Build | Stable |
| 21:31 | Research | Fletching |
| 21:31 | Research | Forging |
| 21:37 | Age | Castle Age |
| 21:39 | Queue | Knight |
| 21:39 | Queue | Camel Scout |
| 21:41 | Queue | Knight |
| 21:43 | Queue | Villager (Male) |
| 22:02 | Queue | Villager (Male) |
| 22:30 | Queue | Knight |
| 22:31 | Queue | Knight |
| 22:31 | Queue | Knight |
| 22:31 | Queue | Knight |
| 22:31 | Queue | Camel Scout |
| 22:46 | Queue | Villager (Male) |
| 23:11 | Queue | Villager (Male) |
| 23:13 | Queue | Knight |
| 23:13 | Queue | Knight |
| 23:13 | Queue | Knight |
| 23:23 | Queue | Villager (Male) |
| 23:37 | Build | Farm |
| 23:38 | Queue | Villager (Male) |
| 23:45 | Build | Town Center |
| 23:47 | Queue | Villager (Male) |
| 24:03 | Build | Castle |
| 24:09 | Queue | Villager (Male) |
| 24:17 | Queue | Villager (Male) |
| 24:25 | Queue | Villager (Male) |
Build order — [BZBUT] BloodHound
First 150 of 508 actions detected
| 0:01 | Queue | Villager (Male) |
| 0:01 | Queue | Villager (Male) |
| 0:02 | Build | House |
| 0:03 | Build | House |
| 0:11 | Queue | Villager (Male) |
| 0:11 | Queue | Villager (Male) |
| 0:11 | Queue | Villager (Male) |
| 0:29 | Build | Mill |
| 0:32 | Build | Mill |
| 1:39 | Queue | Villager (Male) |
| 1:39 | Queue | Villager (Male) |
| 2:24 | Queue | Villager (Male) |
| 2:55 | Queue | Villager (Male) |
| 3:17 | Build | Lumber Camp |
| 3:21 | Queue | Villager (Male) |
| 3:21 | Queue | Villager (Male) |
| 3:50 | Build | House |
| 3:54 | Queue | Villager (Male) |
| 3:54 | Queue | Villager (Male) |
| 4:19 | Queue | Villager (Male) |
| 4:19 | Queue | Villager (Male) |
| 4:45 | Build | House |
| 5:00 | Queue | Villager (Male) |
| 5:00 | Queue | Villager (Male) |
| 5:10 | Build | Palisade Wall |
| 5:51 | Queue | Villager (Male) |
| 5:51 | Queue | Villager (Male) |
| 5:51 | Queue | Villager (Male) |
| 6:11 | Build | Palisade Gate |
| 6:52 | Research | Feudal Age |
| 7:04 | Build | Lumber Camp |
| 7:13 | Research | Loom |
| 7:20 | Build | Palisade Wall |
| 8:14 | Build | Barracks |
| 8:20 | Build | Palisade Wall |
| 8:33 | Queue | Villager (Male) |
| 8:37 | Queue | Villager (Male) |
| 8:37 | Queue | Villager (Male) |
| 8:54 | Build | House |
| 8:56 | Build | Palisade Wall |
| 9:02 | Age | Feudal Age |
| 9:05 | Build | House |
| 9:08 | Build | House |
| 9:14 | Queue | Villager (Male) |
| 9:17 | Build | Blacksmith |
| 9:21 | Build | Barracks |
| 9:50 | Build | Farm |
| 10:08 | Queue | Villager (Male) |
| 10:08 | Queue | Villager (Male) |
| 10:18 | Build | House |
| 10:18 | Build | Palisade Wall |
| 10:24 | Build | Palisade Wall |
| 10:25 | Build | Palisade Wall |
| 10:42 | Queue | Villager (Male) |
| 11:04 | Build | Archery Range |
| 11:10 | Build | Palisade Wall |
| 11:13 | Queue | Villager (Male) |
| 11:20 | Research | Double-Bit Axe |
| 11:20 | Research | Double-Bit Axe |
| 11:23 | Build | Palisade Wall |
| 11:26 | Build | Palisade Wall |
| 11:27 | Build | Palisade Wall |
| 11:29 | Build | Palisade Wall |
| 11:31 | Build | Palisade Wall |
| 11:34 | Build | Palisade Wall |
| 11:38 | Build | House |
| 11:38 | Queue | Villager (Male) |
| 11:49 | Build | Palisade Wall |
| 11:51 | Build | Palisade Wall |
| 11:53 | Build | Palisade Wall |
| 12:05 | Queue | Villager (Male) |
| 12:15 | Build | Farm |
| 12:20 | Build | Farm |
| 12:28 | Queue | Archer |
| 12:28 | Queue | Archer |
| 12:37 | Build | Lumber Camp |
| 12:38 | Queue | Villager (Male) |
| 12:46 | Build | Farm |
| 13:12 | Queue | Villager (Male) |
| 13:15 | Build | Farm |
| 13:31 | Queue | Villager (Male) |
| 13:31 | Queue | Villager (Male) |
| 13:45 | Queue | Spearman |
| 13:45 | Queue | Spearman |
| 13:57 | Build | Farm |
| 14:00 | Build | House |
| 14:02 | Build | Palisade Wall |
| 14:11 | Queue | Villager (Male) |
| 14:17 | Build | Palisade Gate |
| 14:19 | Build | House |
| 14:22 | Build | House |
| 14:27 | Build | Farm |
| 14:40 | Queue | Villager (Male) |
| 14:43 | Build | Farm |
| 15:18 | Queue | Spearman |
| 15:18 | Queue | Spearman |
| 15:43 | Queue | Villager (Male) |
| 15:51 | Build | Farm |
| 15:51 | Build | Farm |
| 15:51 | Build | Farm |
| 15:52 | Build | Farm |
| 15:52 | Build | Farm |
| 15:52 | Build | Farm |
| 15:52 | Build | Farm |
| 15:58 | Build | Mining Camp |
| 16:11 | Queue | Villager (Male) |
| 16:23 | Queue | Villager (Male) |
| 16:24 | Queue | Villager (Male) |
| 16:24 | Queue | Villager (Male) |
| 16:39 | Queue | Villager (Male) |
| 16:57 | Build | Farm |
| 16:58 | Build | Farm |
| 16:59 | Build | Farm |
| 17:00 | Queue | Villager (Male) |
| 17:06 | Queue | Villager (Male) |
| 17:12 | Research | Horse Collar |
| 17:19 | Queue | Villager (Male) |
| 17:41 | Queue | Villager (Male) |
| 17:44 | Queue | Villager (Male) |
| 17:57 | Queue | Villager (Male) |
| 18:00 | Queue | Villager (Male) |
| 18:11 | Build | Palisade Gate |
| 18:20 | Queue | Villager (Male) |
| 18:33 | Queue | Villager (Male) |
| 18:39 | Queue | Villager (Male) |
| 18:43 | Queue | Villager (Male) |
| 18:48 | Research | Wheelbarrow |
| 18:50 | Queue | Villager (Male) |
| 18:59 | Build | Farm |
| 19:05 | Build | Farm |
| 19:09 | Build | Farm |
| 19:10 | Build | Farm |
| 19:12 | Queue | Villager (Male) |
| 19:19 | Queue | Villager (Male) |
| 19:30 | Queue | Villager (Male) |
| 19:34 | Queue | Villager (Male) |
| 19:46 | Queue | Villager (Male) |
| 19:49 | Queue | Villager (Male) |
| 20:01 | Build | Blacksmith |
| 20:08 | Queue | Villager (Male) |
| 20:41 | Research | Castle Age |
| 20:41 | Research | Castle Age |
| 21:13 | Research | Scale Barding Armor |
| 21:13 | Research | Forging |
| 21:13 | Research | Forging |
| 21:18 | Build | Stable |
| 21:35 | Queue | Villager (Male) |
| 22:05 | Research | Bloodlines |
| 22:06 | Research | Bloodlines |
| 22:23 | Research | Gold Mining |
Match timeline
| 2:18 | pablo.isaza · wall_segment Palisade Wall x1 |
| 4:04 | pablo.isaza · first_building Barracks |
| 5:10 | [BZBUT] BloodHound · wall_segment Palisade Wall x5 |
| 7:20 | [BZBUT] BloodHound · wall_segment Palisade Wall x8 |
| 8:14 | [BZBUT] BloodHound · first_building Barracks |
| 8:20 | [BZBUT] BloodHound · wall_segment Palisade Wall x1 |
| 8:56 | [BZBUT] BloodHound · wall_segment Palisade Wall x1 |
| 9:02 | [BZBUT] BloodHound · age_up feudal |
| 9:58 | pablo.isaza · age_up feudal |
| 10:00 | pablo.isaza · first_building Stable |
| 10:13 | pablo.isaza · wall_segment Palisade Wall x5 |
| 10:18 | [BZBUT] BloodHound · wall_segment Palisade Wall x1 |
| 10:24 | [BZBUT] BloodHound · wall_segment Palisade Wall x1 |
| 10:25 | [BZBUT] BloodHound · wall_segment Palisade Wall x1 |
| 11:04 | [BZBUT] BloodHound · first_building Archery Range |
| 11:10 | [BZBUT] BloodHound · wall_segment Palisade Wall x1 |
| 11:23 | [BZBUT] BloodHound · wall_segment Palisade Wall x1 |
| 11:26 | [BZBUT] BloodHound · wall_segment Palisade Wall x1 |
| 11:27 | [BZBUT] BloodHound · wall_segment Palisade Wall x1 |
| 11:29 | [BZBUT] BloodHound · wall_segment Palisade Wall x1 |
| 11:31 | [BZBUT] BloodHound · wall_segment Palisade Wall x1 |
| 11:34 | [BZBUT] BloodHound · wall_segment Palisade Wall x1 |
| 11:49 | [BZBUT] BloodHound · wall_segment Palisade Wall x1 |
| 11:51 | pablo.isaza · wall_segment Palisade Wall x4 |
| 11:51 | [BZBUT] BloodHound · wall_segment Palisade Wall x1 |
| 11:52 | pablo.isaza · wall_segment Palisade Wall x1 |
| 11:53 | [BZBUT] BloodHound · wall_segment Palisade Wall x1 |
| 12:32 | pablo.isaza · wall_segment Palisade Wall x1 |
| 12:54 | pablo.isaza · wall_segment Palisade Wall x8 |
| 14:02 | [BZBUT] BloodHound · wall_segment Palisade Wall x1 |
| 16:56 | pablo.isaza · wall_segment Palisade Wall x3 |
| 16:58 | pablo.isaza · wall_segment Palisade Wall x1 |
| 17:48 | pablo.isaza · wall_segment Palisade Wall x1 |
| 21:18 | [BZBUT] BloodHound · first_building Stable |
| 21:37 | pablo.isaza · age_up castle |
| 23:21 | [BZBUT] BloodHound · age_up castle |
| 24:03 | pablo.isaza · first_building Castle |
| 25:14 | [BZBUT] BloodHound · first_building Monastery |
| 26:46 | [BZBUT] BloodHound · first_market_sell 500 food |
| 27:01 | pablo.isaza · first_building Archery Range |
| 27:14 | pablo.isaza · first_building Monastery |
| 30:53 | pablo.isaza · first_market_buy 100 food |
| 33:43 | pablo.isaza · first_market_sell 100 wood |
| 35:09 | [BZBUT] BloodHound · first_building Castle |
| 37:18 | pablo.isaza · age_up imperial |
| 39:53 | [BZBUT] BloodHound · age_up imperial |
| 46:15 | pablo.isaza · resign |
[ AI ANALYSIS · 1 CREDIT ]
What really happened in this match?
Wolo.gg analyzes every decision: build order, eco, micro, common mistakes by bracket. Personalized analysis on WhatsApp or Discord in 30 seconds.
Civ guide
Persians
Perfil
Jugador #5357515